 Dungeon Crawl Stone Soup version 0.31-a0-740-g87205ac768 (webtiles) character file.

Game seed: 5251024513583557652

11923 gruber the Devastator (level 11, -2/92 HPs)
             Began as a Yellow Draconian Conjurer on Sept 12, 2023.
             Was an Elder of Vehumet.
             Slain by a freezing wraith (6 damage)
             ... on level 11 of the Dungeon on Sept 14, 2023.
             The game lasted 00:17:39 (13645 turns).

gruber the Devastator (Yellow Draconian Conjurer)  Turns: 13645, Time: 00:17:40

Health: -2/92      AC:  9    Str: 10    XL:     11   Next: 55%
Magic:  19/20      EV: 13    Int: 22    God:    Vehumet [****..]
Gold:   767        SH:  0    Dex: 10    Spells: 15/22 levels left

rFire   . . .        o - +5 scimitar "Gukoara" {heavy, +Blink rPois}
rCold   + . .        (no shield)
rNeg    . . .        (body armour unavailable)
rPois   +            (helmet restricted)
rElec   .            g - +0 cloak
rCorr   +            (no gloves)
SInv    .            H - +0 pair of boots
Will    +....        u - amulet of regeneration
Stlth   ++           h - ring of protection from cold
HPRegen 1.15/turn    w - ring of willpower
MPRegen 0.17/turn

%: no passive effects
@: short of breath, slowed, very slow
A: spit acid, AC +7, unfitting armour, cold-blooded, acid resistance
a: Breathe Acid, Renounce Religion, Evoke Blink


You were on level 11 of the Dungeon.
You worshipped Vehumet.
Vehumet was greatly pleased with you.
You visited 2 branches of the dungeon, and saw 12 of its levels.

You collected 767 gold pieces.

Inventory:

Hand Weapons
 o - the +5 scimitar "Gukoara" (weapon) {heavy, +Blink rPois}
   (You found it on level 4 of the Dungeon)

   rPois:     It protects you from poison +Blink: It lets you blink.
Armour
 g - a +0 cloak (worn)
 H - a +0 pair of boots (worn)
Jewellery
 h - a ring of protection from cold (left hand)
 n - a ring of poison resistance
 u - an amulet of regeneration (around neck)
 w - a ring of willpower (right hand)
 z - a ring of protection from fire
 F - a +4 ring of slaying
Wands
 x - a wand of mindburst (10)
 A - a wand of digging (7)
 B - a wand of polymorph (9)
 C - a wand of flame (5)
 G - a wand of roots (5)
Scrolls
 b - a scroll of immolation {unknown}
 c - 16 scrolls of identify {unknown}
 d - a scroll of fog {unknown}
 f - a scroll of noise {unknown}
 i - 4 scrolls of teleportation {unknown}
 t - 3 scrolls of blinking {unknown}
 y - a scroll of enchant armour {unknown}
 I - 2 scrolls of acquirement {unknown}
Potions
 a - a potion of magic
 e - 4 potions of curing {unknown}
 j - 3 potions of enlightenment {unknown}
 k - a potion of heal wounds {unknown}
 l - 2 potions of attraction {unknown}
 m - a potion of ambrosia {unknown}
 p - a potion of haste {unknown}
 q - 2 potions of might {unknown}
 r - 2 potions of invisibility {unknown}
 s - a potion of brilliance {unknown}
 v - a potion of degeneration {unknown}
 E - 2 potions of cancellation {unknown}


   Skills:
 - Level 7.2 Fighting
 - Level 5.0 Dodging
 - Level 1.7 Stealth
 - Level 6.1 Spellcasting
 * Level 15.6 Conjurations


You had 15 spell levels left.
You knew the following spells:

 Your Spells              Type           Power      Damage    Failure   Level
a - Magic Dart            Conj           100%       1d8       0%          1
b - Searing Ray           Conj           100%       2d8       0%          2
c - Iskenderun's Mystic   Conj/Tloc      41%        2d9       1%          4

Your spell library contained the following spells:

 Spells                   Type           Power      Damage    Failure   Level
 Olgreb's Toxic Radiance  Pois           6%         N/A       22%         4
 Dazzling Flash           Conj/Hex       82%        N/A       1%          3
 Fulminant Prism          Conj/Hex       20%        3d12      1%          4
 Irradiate                Conj/Tmut      20%        3d18      3%          5
 Slow                     Hex            24%        N/A       9%          1
 Wereblood                Tmut           6%         N/A       14%         2
 Confusing Touch          Hex            6%         N/A       26%         3
 Sigil of Binding         Hex            6%         N/A       26%         3
 Vampiric Draining        Necr           6%         2d6       26%         3
 Summon Forest            Summ/Tloc      3%         N/A       94%         5
 Eringya's Noxious Bog    Tmut/Pois      3%         4d6       96%         6
 Summon Hydra             Summ           3%         N/A       100%        7


Dungeon Overview and Level Annotations

Branches:
Dungeon (11/15)            Temple (1/1) D:6            Lair (0/5) D:10
    Orc (0/2) D:11

Altars:
Ashenzari
Cheibriados
Dithmenos
Elyvilon
Fedhas
Gozag
Hepliaklqana
Kikubaaqudgha
Makhleb
Nemelex Xobeh
Okawaru
Qazlal
Ru
Sif Muna
Trog
Uskayaw
Vehumet
Wu Jian
Xom
Yredelemnul
Zin
The Shining One

Shops:
D:1 *   D:9 *

Annotations:
D:5 3 runed translucent doors, Notanamesir's ghost, novice OgSh; incide's ghost, novice GnWr


Innate Abilities, Weirdness & Mutations

You can spit globs of acid.
Your golden yellow scales are hard. (AC +7)
You cannot fit into any form of body armour.
You are cold-blooded and may be slowed by cold attacks.
You are resistant to acid. (rCorr)


Message History

The boulder beetle is moderately wounded.
The boulder beetle leaps!
The boulder beetle stops rolling and uncurls.
Unknown command.
Unknown command.
Aiming: Corrosive Bolt
Press: ? - help, Shift-Dir - straight line, f/p - boulder beetle
Aim: a boulder beetle (moderately wounded, covered in acid, 100% to hit)
The bolt of acid misses the freezing wraith.
The bolt of acid hits the acid dragon.
The acid dragon is moderately wounded.
The bolt of acid hits the boulder beetle!
The boulder beetle seems to be corroded for longer.
The boulder beetle is heavily wounded.
The now-empty wand crumbles to dust.
You hear a roar!
The boulder beetle curls into a ball and begins rolling!
You hear an angry hiss.
Unknown command.
Aiming: Mindburst
Press: ? - help, Shift-Dir - straight line, f/p - boulder beetle
Aim: a boulder beetle (heavily wounded, rolling, covered in acid, chance to affect: 47%)
The freezing wraith resists with some effort.
The freezing wraith misses you. The freezing wraith hits you!
* * * LOW HITPOINT WARNING * * *
The freezing wraith drains your vigour!
You feel yourself slow down.
A gargoyle comes into view. It is wielding a +0 dire flail.
The boulder beetle stops rolling and uncurls.
Aiming: Fastroot
Press: ? - help, Shift-Dir - straight line, f/p - boulder beetle
Aim: a boulder beetle (heavily wounded, covered in acid)
The roots erupt in riotous growth!
The freezing wraith is unaffected.
Roots grab the acid dragon.
The grasping roots constrict the acid dragon.
You hear a shout! x2
The roots release their grip on the acid dragon.
The freezing wraith hits you.
* * * LOW HITPOINT WARNING * * *
The freezing wraith freezes you. You resist.
You die...

#..#..... #...# ###.#.
#..#..... #...# ..8.8{
#..#..... #...## ..W8.8
#..#..... #...#.# B°8.8D
#..'..... #...# .#.c○8
#..####.# #...# #... #.....#.#
#.#.###9#############.....#.#
#.#..B.B{.DW@.............#.#
#......######...#...##'####.#
#.###### #...#...#......>#
###.# #...#...#.......#
#...###########...#####........
#..............................
#####.......................###
#.......................#
##.......................#


You could see 2 boulder beetles, a freezing wraith (corroded), an acid dragon
and a gargoyle.

Vanquished Creatures
  2 two-headed ogres
  Pikel (D:7)
  An ugly thing (D:11)
  A manticore (D:11)
  2 gargoyles
  2 kobold demonologists (D:10)
  An unseen horror (D:10)
  A hornet (D:9)
  4 trolls
  A wraith (D:11)
  7 yaks
  A wyvern (D:9)
  2 steam dragons
  An acid dragon (D:11)
  5 orc warriors
  2 sky beasts
  3 ice beasts
  An ogre (D:6)
  5 centaurs (D:11)
  2 lemures (D:7)
  A phantom (D:5)
  5 kobold brigands
  3 bullfrogs
  3 scorpions
  26 wights
  16 killer bees
  3 electric eels (D:6)
  3 hounds (D:5)
  A jelly (D:5)
  A gnoll bouda (D:5)
  6 orc priests
  7 iguanas
  10 orc wizards
  Terence (D:3)
  3 adders
  4 gnolls (D:5)
  2 river rats (D:5)
  A white imp (D:6)
  3 ufetubi
  9 dart slugs
  47 orcs
  5 ball pythons
  5 endoplasms
  6 giant cockroaches
  7 goblins
  12 hobgoblins
  42 kobolds
  4 quokkas
  5 bats
  3 frilled lizards
  5 rats
294 creatures vanquished.

Notes
Turn   | Place    | Note
-------+----------+-------------------------------------------
     0 | D:1      | gruber the Draconian Conjurer began the quest for the Orb.
     0 | D:1      | Reached XP level 1. HP: 14/14 MP: 3/3
   313 | D:1      | Reached XP level 2. HP: 20/20 MP: 0/5
   865 | D:1      | Reached skill level 5 in Conjurations
   898 | D:1      | Found Oxawk's General Store.
   904 | D:1      | Reached XP level 3. HP: 26/26 MP: 4/6
  2124 | D:3      | Noticed Terence
  2134 | D:3      | Killed Terence
  2135 | D:3      | Reached XP level 4. HP: 29/33 MP: 1/7
  2669 | D:3      | Learned a level 2 spell: Searing Ray
  2804 | D:4      | Reached skill level 6 in Conjurations
  2885 | D:4      | Reached XP level 5. HP: 23/38 MP: 5/8
  3051 | D:4      | Identified the +5 scimitar "Gukoara" {heavy, +Blink rPois}
  3665 | D:5      | Entered Level 5 of the Dungeon
  3674 | D:5      | Reached skill level 7 in Conjurations
  3679 | D:5      | Reached XP level 6. HP: 45/45 MP: 1/9
  4338 | D:5      | Found a runed translucent gate.
  4338 | D:5      | Found a runed translucent gate.
  4338 | D:5      | Found a runed translucent gate.
  4341 | D:5      | Noticed incide's ghost (novice GnWr)
  4341 | D:5      | Noticed Notanamesir's ghost (novice OgSh)
  4404 | D:5      | Your scales start taking on a golden yellow colour.
  4404 | D:5      | Reached XP level 7. HP: 21/50 MP: 1/10
  4404 | D:5      | Gained mutation: You are resistant to acid. (rCorr) [Yellow
                  | Draconian growth]
  4597 | D:5      | Reached skill level 5 in Dodging
  4633 | D:5      | Reached skill level 1 in Fighting
  5770 | D:6      | Reached skill level 5 in Fighting
  5855 | D:6      | Reached XP level 8. HP: 53/68 MP: 11/11
  5955 | D:6      | Found a staircase to the Ecumenical Temple.
  6058 | Temple   | Entered the Ecumenical Temple
  6077 | Temple   | Became a worshipper of Vehumet
  7556 | D:7      | Reached skill level 5 in Spellcasting
  7756 | D:7      | Reached * piety under Vehumet
  7756 | D:7      | Offered knowledge of Sandblast by Vehumet.
  7839 | D:7      | Reached XP level 9. HP: 79/79 MP: 11/17
  8258 | D:7      | Reached skill level 8 in Conjurations
  8483 | D:7      | Noticed Pikel
  8492 | D:7      | Killed Pikel
  8493 | D:7      | Reached skill level 9 in Conjurations
  8500 | D:7      | Learned a level 4 spell: Iskenderun's Mystic Blast
  8808 | D:8      | Reached ** piety under Vehumet
  8888 | D:8      | Offered knowledge of Shock by Vehumet.
  8910 | D:8      | Reached skill level 10 in Conjurations
 10138 | D:9      | Reached XP level 10. HP: 69/86 MP: 14/19
 10244 | D:9      | Reached skill level 11 in Conjurations
 10538 | D:9      | Offered knowledge of Momentum Strike by Vehumet.
 10779 | D:9      | Reached skill level 12 in Conjurations
 10964 | D:9      | Reached *** piety under Vehumet
 11337 | D:9      | Found an ornate altar of the Wu Jian Council.
 11450 | D:9      | Found Betick's Demolitions Depot.
 11534 | D:10     | Entered Level 10 of the Dungeon
 11550 | D:10     | Reached skill level 13 in Conjurations
 11822 | D:10     | Noticed a two-headed ogre
 11832 | D:10     | Killed a two-headed ogre
 12154 | D:10     | Found a staircase to the Lair.
 12168 | D:10     | Noticed a gargoyle
 12180 | D:10     | Reached XP level 11. HP: 92/92 MP: 9/20
 12183 | D:10     | Reached skill level 14 in Conjurations
 12261 | D:10     | Offered knowledge of Airstrike by Vehumet.
 13207 | D:11     | Found a staircase to the Orcish Mines.
 13249 | D:11     | Noticed a two-headed ogre
 13256 | D:11     | Killed a two-headed ogre
 13257 | D:11     | Reached skill level 15 in Conjurations
 13583 | D:11     | Reached **** piety under Vehumet
 13624 | D:11     | Noticed a boulder beetle
 13624 | D:11     | Noticed a white ugly thing
 13624 | D:11     | Noticed a boulder beetle
 13625 | D:11     | Noticed an ogre mage
 13640 | D:11     | Killed a white ugly thing
 13641 | D:11     | Offered knowledge of Olgreb's Toxic Radiance by Vehumet.
 13644 | D:11     | HP: 4/92 [freezing wraith (9)]
 13645 | D:11     | Slain by a freezing wraith

Illustrated notes

Levels and vault maps discovered:
D:1:      psy_arrival_fountain, layout_basic, serial_shops,
          nicolae_shop_crystal, st_stairs_7, hex_intersection, minmay_cut_off
D:2:      layout_basic
D:3:      layout_loops_ring, serial_aquarium, aquarium_bridge_island_small
          [aquarium_subvault_small_open, aquarium_subvault_bridge,
          aquarium_subvault_wall, aquarium_subvault_window,
          aquarium_subvault_wall], aquarium_bridge_square
          [aquarium_subvault_bridge, aquarium_subvault_wall,
          aquarium_subvault_bridge, aquarium_subvault_wall],
          aquarium_window_fake, aquarium_window_1, aquarium_window_1,
          aquarium_window_fake, aquarium_view_2e, aquarium_pool_2, uniq_terence
D:4:      layout_basic
D:5:      layout_basic, gup_sewer_entry_bubbles, gammafunk_ghost_cemetery,
          hangedman_abyss_or_decor_slice, chequers_serial_rivers_micro_e
D:6:      kennysheep_slugbush, layout_layer_cave, temple_fountains,
          amcnicky_mini_rare_corridor_liquid
D:7:      layout_basic, enter_bailey_2, uniq_pikel
D:8:      layout_layer_cave
D:9:      layout_loops_ring, nicolae_wu_jian_immortal_techniques,
          nicolae_blasting_shop
D:10:     layout_long_grid, lair_entry_dummy, minmay_misc_feat_alley,
          minivault_22
D:11:     layout_irregular_city, orc_0_dummy,
          minmay_the_grid_square_5x5_3x3_mashed
          [minmay_the_grid_square_5x5_half_checkered,
          minmay_the_grid_square_5x5_broken_cross,
          minmay_the_grid_square_5x5_bite,
          minmay_the_grid_square_5x5_checkered_statues,
          minmay_the_grid_square_5x5_megaprize_checkered,
          minmay_the_grid_square_5x5_shuriken,
          minmay_the_grid_square_5x5_inner_i,
          minmay_the_grid_square_5x5_inverted_slash,
          minmay_the_grid_square_5x5_spiral_small]
Temple:   compressed_dpeg_triangle_lava_temple

Skill      XL: |  1  2  3  4  5  6  7  8  9 10 11 |
---------------+----------------------------------+-----
Conjurations   | 5 6 7 10 13 15 | 15.6
Dodging        | 2 4 5 |  5.0
Fighting       | 5 7 |  7.2
Spellcasting   | 5 6 |  6.1
Stealth        | |  1.7

Action                     |  1- 3 |  4- 6 |  7- 9 | 10-12 || total
---------------------------+-------+-------+-------+-------++-------
  Melee: Unarmed           |     9 |       |       |       ||     9
         Tailslap          |     5 |     4 |     4 |     2 ||    15
         Quarterstaff      |    22 |     5 |       |       ||    27
         Whip              |       |     6 |       |       ||     6
         Scimitar          |       |    37 |    42 |    12 ||    91
   Cast: Magic Dart        |    83 |    24 |    33 |     7 ||   147
         Searing Ray       |       |    15 |    54 |    57 ||   126
         Iskenderun's Myst |       |       |     2 |    24 ||    26
Ability: Breathe Acid      |       |       |    19 |    12 ||    31
  Evoke: Wand              |       |       |       |     9 ||     9
   Stab: Sleeping          |       |     1 |       |       ||     1
 Armour: Skin              |    13 |    46 |    98 |   163 ||   320
  Dodge: Dodged            |    27 |    58 |   130 |   150 ||   365

Table legend: (Time is in decaauts)
 A = Elapsed time spent in this place.
 B = Non-inter-level travel time spent in this place.
 C = Inter-level travel time spent in this place.
 D = Time resting spent in this place.
 E = Time spent auto-exploring this place.
 F = Levels seen in this place.
 G = Mean time per level.
                   A        B        C        D        E       F      G
               +--------+--------+--------+--------+--------+-----+--------+
         Total |  13785 |  13104 |    681 |    769 |  10658 |  12 | 1148.8 |
       Dungeon |  13746 |  13103 |    643 |    769 |  10658 |  11 | 1249.6 |
        Temple |     38 |      1 |     37 |      0 |      0 |   1 |   38.0 |
               +--------+--------+--------+--------+--------+-----+--------+

Top non-repeatable levels by time:
     D:5: 2214 daAuts
     D:8: 1714 daAuts
     D:7: 1521 daAuts
    D:10: 1380 daAuts
     D:6: 1265 daAuts
     D:9: 1193 daAuts
     D:1: 1080 daAuts
     D:3: 973 daAuts
     D:4: 903 daAuts
     D:2: 750 daAuts
    D:11: 749 daAuts
  Temple: 38 daAuts
